BLB
BALTIMORE BULLDOGS @ WASHINGTON BATS
03/10/2060
 
TOP OF THE 1ST
Baltimore Bulldogs batting - Pitching for Washington Bats : RHP Justin Casey
Pitching: RHP Justin Casey
Batting: RHB Joseph Olsen 0-0: Ground out 6-3 (Groundball, 6, EV 85.6 MPH)
Batting: LHB Justin Castiglioni 0-0: Ball
1-0: Foul Ball, location: 2F
1-1: Called Strike
1-2: Strikes out swinging
Batting: SHB Val Schmit 0-0: Fly out, F7 (Line Drive, 78D, EV 85.6 MPH)
Top of the 1st over - 0 runs, 0 hits, 0 errors, 0 left on base; Baltimore 0 - Washington 0
BOTTOM OF THE 1ST
Washington Bats batting - Pitching for Baltimore Bulldogs : LHP Riley Hein
Pitching: LHP Riley Hein
Batting: RHB Owen Dooley 0-0: Called Strike
0-1: Called Strike
0-2: Ball
1-2: Foul Ball, location: 2F
1-2: Ball
2-2: SINGLE (Line Drive, 7LM, EV 101.9 MPH)
Batting: RHB Raymond Dixon 0-0: Foul Ball, location: 2F
0-1: Grounds into double play, 6-4-3 (Groundball, 6, EV 90.6 MPH)
Batting: RHB Parker Lee 0-0: Called Strike
0-1: Swinging Strike
0-2: Strikes out swinging
Bottom of the 1st over - 0 runs, 1 hit, 0 errors, 0 left on base; Baltimore 0 - Washington 0
TOP OF THE 2ND
Baltimore Bulldogs batting - Pitching for Washington Bats : RHP Justin Casey
Batting: LHB Andy Wulfeck 0-0: Ball
1-0: Ball
2-0: Swinging Strike
2-1: Ball
3-1: Foul Ball, location: 2F
3-2: Base on Balls
Batting: LHB Owen Keimig 0-0: Ball
Andy Wulfeck is caught stealing 2nd base 2-6
1-0: DOUBLE (Line Drive, 9LD, EV 106.9 MPH)
Batting: RHB Kyle Dodiry 0-0: Foul Ball, location: 2F
0-1: Foul Ball, location: 2F
0-2: Strikes out looking
Batting: LHB Shan Waseem 0-0: Called Strike
0-1: Foul Ball, location: 2F
0-2: Ball
1-2: Ball
2-2: Ball
3-2: Ground out 4-3 (Groundball, 4, EV 96.9 MPH)
Top of the 2nd over - 0 runs, 1 hit, 0 errors, 1 left on base; Baltimore 0 - Washington 0
BOTTOM OF THE 2ND
Washington Bats batting - Pitching for Baltimore Bulldogs : LHP Riley Hein
Batting: RHB Neall Rabah 0-0: Ball
1-0: Called Strike
1-1: Ball
2-1: Swinging Strike
2-2: Ball
3-2: SINGLE (Groundball, 6D, EV 94.4 MPH)
Batting: RHB Zechariah Norkus 0-0: Foul Ball, location: 2F
0-1: Swinging Strike
0-2: Strikes out swinging
Batting: RHB Louis Hockney 0-0: Called Strike
0-1: Foul Ball, location: 2F
0-2: Foul Ball, location: 2F
0-2: Ball
1-2: Ball
2-2: Ball
3-2: Foul Ball, location: 2F
3-2: Grounds into double play, 6-4-3 (Groundball, 6, EV 114.4 MPH)
Bottom of the 2nd over - 0 runs, 1 hit, 0 errors, 0 left on base; Baltimore 0 - Washington 0
TOP OF THE 3RD
Baltimore Bulldogs batting - Pitching for Washington Bats : RHP Justin Casey
Batting: SHB Cole Watson 0-0: Swinging Strike
0-1: Hit by Pitch
Batting: RHB Antonio Boyle 0-0: Ball
1-0: Foul Ball, location: 2F
1-1: Foul Ball, location: 2F
1-2: Foul Ball, location: 2F
1-2: Ball
2-2: Foul Ball, location: 2F
2-2: Foul Ball, location: 2F
2-2: Ground out 5-3 (Groundball, 56S, EV 65.6 MPH)
Cole Watson to second
Batting: RHB Joseph Olsen 0-0: Ground out 5-3 (Groundball, 56S, EV 82.5 MPH)
Batting: LHB Justin Castiglioni 0-0: Ground out 5-3 (Groundball, 56, EV 108.1 MPH)
Top of the 3rd over - 0 runs, 0 hits, 0 errors, 1 left on base; Baltimore 0 - Washington 0
BOTTOM OF THE 3RD
Washington Bats batting - Pitching for Baltimore Bulldogs : LHP Riley Hein
Batting: RHB Sean McReynolds 0-0: Ball
1-0: Fly out, F8 (Flyball, 89D, EV 97.5 MPH)
Batting: LHB Evan Wilson 0-0: Ball
1-0: Ball
2-0: Called Strike
2-1: Swinging Strike
2-2: Strikes out swinging
Batting: RHB Barrington Purbacaraka 0-0: Called Strike
0-1: Swinging Strike
0-2: Ball
1-2: Foul Ball, location: 2F
1-2: Ball
2-2: Ball
3-2: Strikes out swinging
Bottom of the 3rd over - 0 runs, 0 hits, 0 errors, 0 left on base; Baltimore 0 - Washington 0
TOP OF THE 4TH
Baltimore Bulldogs batting - Pitching for Washington Bats : RHP Justin Casey
Batting: SHB Val Schmit 0-0: Ball
1-0: Ball
2-0: Ball
3-0: Called Strike
3-1: Swinging Strike
3-2: Foul Ball, location: 2F
3-2: Foul Ball, location: 2F
3-2: Strikes out looking
Batting: LHB Andy Wulfeck 0-0: Ground out 4-3 (Groundball, 4, EV 98.1 MPH)
Batting: LHB Owen Keimig 0-0: Ball
1-0: Ball
2-0: Ball
3-0: Base on Balls
Batting: RHB Kyle Dodiry 0-0: Foul Ball, location: 2F
0-1: Foul Ball, location: 2F
0-2: Ball
1-2: Fly out, F7 (Flyball, 7, EV 86.9 MPH)
Top of the 4th over - 0 runs, 0 hits, 0 errors, 1 left on base; Baltimore 0 - Washington 0
BOTTOM OF THE 4TH
Washington Bats batting - Pitching for Baltimore Bulldogs : LHP Riley Hein
Batting: RHB Owen Dooley 0-0: Called Strike
0-1: Ball
1-1: Fly out, F8 (Flyball, 8LD, EV 100.0 MPH)
Batting: RHB Raymond Dixon 0-0: Foul Ball, location: 2F
0-1: Ball
1-1: SINGLE (Line Drive, 4D, EV 95.6 MPH)
Batting: RHB Parker Lee 0-0: Ball
1-0: Ball
2-0: Foul Ball, location: 2F
2-1: Ball
3-1: Called Strike
3-2: Strikes out looking
Raymond Dixon steals 2nd base
Batter strikes out.
Batting: RHB Neall Rabah 0-0: Called Strike
0-1: Fly out, F7 (Flyball, 7S, EV 84.4 MPH)
Bottom of the 4th over - 0 runs, 1 hit, 0 errors, 1 left on base; Baltimore 0 - Washington 0
TOP OF THE 5TH
Baltimore Bulldogs batting - Pitching for Washington Bats : RHP Justin Casey
Now at 1B: Tommy Dupree
Batting: LHB Shan Waseem 0-0: Ball
1-0: Foul Ball, location: 2F
1-1: Swinging Strike
1-2: Ball
2-2: Foul Ball, location: 2F
2-2: Strikes out swinging
Batting: SHB Cole Watson 0-0: Ball
1-0: Ball
2-0: Called Strike
2-1: Ball
3-1: Ground out 6-3 (Groundball, 6M, EV 84.4 MPH)
Batting: RHB Antonio Boyle 0-0: Ball
1-0: Called Strike
1-1: Ball
2-1: Foul Ball, location: 2F
2-2: Ball
3-2: Strikes out looking
Top of the 5th over - 0 runs, 0 hits, 0 errors, 0 left on base; Baltimore 0 - Washington 0
BOTTOM OF THE 5TH
Washington Bats batting - Pitching for Baltimore Bulldogs : LHP Riley Hein
Now in CF: Charlie Estes
Now in RF: Joseph Olsen
Batting: RHB Zechariah Norkus 0-0: Ball
1-0: Called Strike
1-1: Swinging Strike
1-2: Fly out, F9 (Flyball, 9, EV 88.8 MPH)
Batting: RHB Louis Hockney 0-0: Ground out 4-3 (Groundball, 4, EV 88.8 MPH)
Batting: RHB Sean McReynolds 0-0: Ground out 6-3 (Groundball, 6, EV 91.9 MPH)
Bottom of the 5th over - 0 runs, 0 hits, 0 errors, 0 left on base; Baltimore 0 - Washington 0
TOP OF THE 6TH
Baltimore Bulldogs batting - Pitching for Washington Bats : RHP Justin Casey
Pitching: RHP Darryl Krauss
Now at C: Andy Hugo
Pinch Hitting: SHB Ulisses Schnopp 0-0: Ground out 5-3 (Groundball, 56S, EV 87.5 MPH)
Batting: LHB Charlie Estes 0-0: Swinging Strike
0-1: Ball
1-1: Fly out, F8 (Flyball, 89M, EV 83.8 MPH)
Batting: LHB Gregg Flores 0-0: Ball
1-0: Fly out, F7 (Line Drive, 78S, EV 105.0 MPH)
Top of the 6th over - 0 runs, 0 hits, 0 errors, 0 left on base; Baltimore 0 - Washington 0
BOTTOM OF THE 6TH
Washington Bats batting - Pitching for Baltimore Bulldogs : LHP Riley Hein
Now at 1B: Sonny Zidane
Now in LF: Tre Hempfling
Now in RF: Ulisses Schnopp
Batting: LHB Evan Wilson 0-0: Ball
1-0: Foul Ball, location: 2F
1-1: Foul Ball, location: 2F
1-2: Foul Ball, location: 2F
1-2: Ball
2-2: Fly out, F8 (Line Drive, 8LD, EV 93.8 MPH)
Batting: RHB Barrington Purbacaraka 0-0: Ball
1-0: SINGLE (Groundball, 4M, EV 95.6 MPH)
Batting: RHB Owen Dooley 0-0: Foul Ball, location: 2F
0-1: Ground out 4-3 (Groundball, 34S, EV 78.8 MPH)
Barrington Purbacaraka to second
Pinch Hitting: SHB Josiah White 0-0: Called Strike
0-1: Foul Ball, location: 2F
0-2: Foul Ball, location: 2F
0-2: Ball
1-2: Foul Ball, location: 2F
1-2: Strikes out swinging
Bottom of the 6th over - 0 runs, 1 hit, 0 errors, 1 left on base; Baltimore 0 - Washington 0
TOP OF THE 7TH
Baltimore Bulldogs batting - Pitching for Washington Bats : RHP Darryl Krauss
Now in LF: Josiah White
Now in CF: Barrington Purbacaraka
Now in RF: Martin Robbins
Batting: RHB Sonny Zidane 0-0: Ball
1-0: Foul Ball, location: 2F
1-1: Foul Ball, location: 2F
1-2: Ball
2-2: Strikes out swinging
Pinch Hitting: LHB Peter Clothier 0-0: Called Strike
0-1: Swinging Strike
0-2: Ball
1-2: Ball
2-2: Strikes out swinging
Batting: RHB Kyle Dodiry 0-0: Swinging Strike
0-1: Ball
1-1: Foul Ball, location: 2F
1-2: Foul Ball, location: 2F
1-2: Strikes out swinging
Top of the 7th over - 0 runs, 0 hits, 0 errors, 0 left on base; Baltimore 0 - Washington 0
BOTTOM OF THE 7TH
Washington Bats batting - Pitching for Baltimore Bulldogs : LHP Riley Hein
Pitching: RHP Tommy Wilson
Now at C: Neil Shoemaker
Now at 2B: Peter Clothier
Batting: RHB Tommy Dupree 0-0: Ball
1-0: Ground out 6-3 (Groundball, 6, EV 101.9 MPH)
Batting: RHB Neall Rabah 0-0: Ball
1-0: Ball
2-0: Ground out 6-3 (Groundball, 56, EV 103.8 MPH)
Pinch Hitting: SHB Detwon Ayala 0-0: Ball
1-0: Foul Ball, location: 2F
1-1: Swinging Strike
1-2: Ball
2-2: Ground out 4-3 (Groundball, 4, EV 106.9 MPH)
Bottom of the 7th over - 0 runs, 0 hits, 0 errors, 0 left on base; Baltimore 0 - Washington 0
TOP OF THE 8TH
Baltimore Bulldogs batting - Pitching for Washington Bats : RHP Darryl Krauss
Pitching: LHP Kyle Nicholas
Now at 2B: Owen Dooley
Now at SS: Jeremy Hollabaugh
Batting: RHB Tre Hempfling 0-0: SINGLE (Flyball, 56D, EV 96.2 MPH)
Pinch Hitting: RHB Stephen Cuff 0-0: Bunted foul
0-1: Sac Bunt to 13 - play at first, batter OUT! 1-3
Tre Hempfling to second
Batting: RHB Antonio Boyle 0-0: Ball
1-0: Called Strike
1-1: Called Strike
1-2: Foul Ball, location: 2F
1-2: Strikes out looking
Batting: SHB Ulisses Schnopp 0-0: Called Strike
0-1: Ground out 6-3 (Groundball, 6, EV 83.1 MPH)
Top of the 8th over - 0 runs, 1 hit, 0 errors, 1 left on base; Baltimore 0 - Washington 0
BOTTOM OF THE 8TH
Washington Bats batting - Pitching for Baltimore Bulldogs : RHP Tommy Wilson
Pitching: RHP Curtis Huntsinger
Now at 3B: Antonio Boyle
Now at SS: Stephen Cuff
Batting: RHB Hayden Jones 0-0: Swinging Strike
0-1: Ball
1-1: Swinging Strike
1-2: Foul Ball, location: 2F
1-2: Strikes out swinging
Batting: RHB Andy Hugo 0-0: Called Strike
0-1: Ball
1-1: Swinging Strike
1-2: Fly out, F8 (Flyball, 8LD, EV 108.1 MPH)
Batting: RHB Martin Robbins 0-0: Ball
1-0: Ball
2-0: Ball
3-0: Called Strike
3-1: Foul Ball, location: 2F
3-2: Strikes out swinging
Bottom of the 8th over - 0 runs, 0 hits, 0 errors, 0 left on base; Baltimore 0 - Washington 0
TOP OF THE 9TH
Baltimore Bulldogs batting - Pitching for Washington Bats : LHP Kyle Nicholas
Pitching: RHP Malcolm Schuette
Batting: LHB Charlie Estes 0-0: SINGLE (Groundball, 3D, EV 100.6 MPH)
Batting: LHB Gregg Flores 0-0: Ball
Charlie Estes steals 2nd base
1-0: Intentional Walk
Pinch Hitting: LHB Kentrellis Donciu 0-0: Ball
1-0: Ball
2-0: Foul Ball, location: 2F
2-1: Ball
3-1: Base on Balls
Charlie Estes to third
Gregg Flores to second
Batting: LHB Peter Clothier 0-0: Called Strike
0-1: SINGLE (Groundball, 6M, EV 103.8 MPH)
Charlie Estes scores
Gregg Flores to third
Kentrellis Donciu to second
Runner from 3rd tries for Home, SAFE, throw by CF to home
Batting: RHB Neil Shoemaker 0-0: Ball
1-0: Fly out, F8 (Flyball, 78S, EV 82.5 MPH)
Batting: RHB Tre Hempfling 0-0: Fly out, F5 (Popup, 56S, EV 78.1 MPH)
Batting: RHB Stephen Cuff 0-0: Ball
1-0: Fly out, F7 (Line Drive, 7LS, EV 95.0 MPH)
Top of the 9th over - 2 runs, 2 hits, 0 errors, 2 left on base; Baltimore 2 - Washington 0
BOTTOM OF THE 9TH
Washington Bats batting - Pitching for Baltimore Bulldogs : RHP Curtis Huntsinger
Pitching: LHP Jonas Zimmerman
Now at 1B: Kentrellis Donciu
Pinch Hitting: RHB Ken Daly 0-0: Ball
1-0: Ball
2-0: Fly out, F9 (Flyball, 89M, EV 91.2 MPH)
Batting: RHB Owen Dooley 0-0: Swinging Strike
0-1: Ball
1-1: Ball
2-1: Called Strike
2-2: Ball
3-2: Strikes out swinging
Batting: SHB Josiah White 0-0: Fly out, F8 (Flyball, 8LD, EV 103.1 MPH)
Bottom of the 9th over - 0 runs, 0 hits, 0 errors, 0 left on base; Baltimore 2 - Washington 0
Wednesday, April 17th , 2024 - OOTP Baseball 23.10 Build 110